 Dungeon Crawl Stone Soup version 0.31.0-4-g52a2dc7128 (webtiles) character file.

Game seed: 12402218235365313414

66 tsouns the Magician (level 4, -4/42 HPs)
             Began as an Oni Wanderer on Jan 22, 2024.
             Was a Believer of Lugonu.
             Slain by a gnoll
             ... wielding a +0 club
              (7 damage)
             ... on level 1 of the Dungeon.
             The game lasted 00:03:29 (1063 turns).

tsouns the Magician (Oni Wanderer)                  Turns: 1063, Time: 00:03:29

Health: -4/42      AC:  6    Str: 17    XL:     4   Next: 15%
Magic:  8/8        EV:  7    Int: 17    God:    Lugonu [**....]
Gold:   86         SH:  6    Dex:  5    Spells: 2/9 levels left

rFire   . . .        f - +1 hand axe (elec)
rCold   . . .        d - +0 kite shield {AC+3}
rNeg    . . .        b - +0 robe
rPois   .            (helmet restricted)
rElec   .            (no cloak)
rCorr   .            (gloves unavailable)
SInv    .            (boots unavailable)
Will    .....        (no amulet)
Stlth   +            (no ring)
HPRegen 0.27/turn    (no ring)
MPRegen 0.11/turn

%: no passive effects
@: no status effects
A: large, unfitting armour, horns 1, tough skin 1, double potion healing,
drunken brawling
a: Renounce Religion, Depart the Abyss, Banish


You were on level 1 of the Dungeon.
You worshipped Lugonu.
Lugonu was pleased with you.
You visited 1 branch of the dungeon, and saw 2 of its levels.

You collected 86 gold pieces.

Inventory:

Hand Weapons
 a - a +0 club
 f - a +1 hand axe of electrocution (weapon)
Armour
 b - a +0 robe (worn)
 d - a +0 kite shield of protection (worn)


   Skills:
 + Level 2.2 Fighting
 + Level 0.9(1.0) Axes
 - Level 0.4(0.8) Maces & Flails
 - Level 1.5 Dodging
 - Level 2.0 Shields
 - Level 3.3 Spellcasting
 - Level 2.0 Summonings
 + Level 1.2 Invocations
 - Level 1.2 Evocations


You had 2 spell levels left.
You knew the following spells:

 Your Spells              Type           Power      Damage    Failure   Level
a - Summon Small Mammal   Summ           36%        N/A       22%         1
b - Call Canine Familiar  Summ           9%         N/A       54%         3
c - Summon Ice Beast      Ice/Summ       6%         N/A       67%         3

Your spell library contained the following spells:

 Spells                   Type           Power      Damage    Failure   Level
 Sigil of Binding         Hex            2%         N/A       83%         3
 Dimensional Bullseye     Hex/Tloc       1%         N/A       99%         4


Dungeon Overview and Level Annotations

Branches:
Dungeon (2/15)

Altars:
Lugonu

Annotations:
D:2 Natasha, Robin


Innate Abilities, Weirdness & Mutations

You are too large for most types of armour.
You have a pair of small horns on your head.
You have tough skin. (AC +1)
You gain doubled healing and magic from potions.
Whenever you drink a healing potion, you attack all around you.


Message History

The gnoll hits you with a +0 club. The gnoll barely misses you.
The goblin barely misses you.
Natasha mumbles some strange words.
The cerulean imp hits you from afar with a +0 spear.
There is a stone staircase leading up here.
You barely miss the gnoll.
The gnoll is moderately wounded.
The gnoll hits you but does no damage. The gnoll barely misses you.
The goblin hits you with a +0 club. You block the gnoll's attack.
You block the cerulean imp's attack.
You closely miss the goblin.
The goblin is heavily wounded.
You hit the gnoll but do no damage. You block the gnoll's attack.
Natasha casts a spell.
The gnoll hits you from afar with a +0 halberd!
The goblin hits you but does no damage. You block the cerulean imp's attack.
You block the gnoll's attack. The goblin hits you but does no damage.
The gnoll hits you from afar with a +0 halberd.
The cerulean imp hits you from afar with a +2 spear.
You climb upwards.
There is a stone staircase leading down here.
Unknown command.
You barely miss the goblin. You headbutt the goblin.
The goblin is severely wounded.
You hit the gnoll. The gnoll hits you with a +0 club.
* * * LOW HITPOINT WARNING * * *
The goblin hits you with a +0 club.
* * * LOW HITPOINT WARNING * * *
The gnoll hits you with a +0 club.
* * * LOW HITPOINT WARNING * * *
The goblin hits you but does no damage.
You hit the goblin.
You kill the goblin!
Lugonu accepts your kill.
You hit the gnoll. The gnoll hits you with a +0 club.
* * * LOW HITPOINT WARNING * * *
You hit the gnoll.
The gnoll is severely wounded.
You block the gnoll's attack. The gnoll hits you with a +0 club!
You die...

##### ##...#############
...............g@#
##.).###########)########
#...##########.........#
#.....)......#..######.#
####.>.......#..# #.####
#............# #....# ###
#............# ###### ..#
#.........##.#
..###.........##.#


You could see a gnoll.

Vanquished Creatures
  2 gnolls
  An adder (D:2)
  2 bats
  2 endoplasms
  3 giant cockroaches (D:1)
  14 goblins
  2 hobgoblins
  2 ball pythons (D:1)
  2 frilled lizards (D:1)
  2 kobolds (D:2)
  4 rats (D:1)
36 creatures vanquished.

Notes
Turn   | Place    | Note
-------+----------+-------------------------------------------
     0 | D:1      | tsouns the Oni Wanderer began the quest for the Orb.
     0 | D:1      | tsouns set off with the following items: a +0 club, a +0
                  | robe, a potion of curing, a +0 kite shield of protection;
                  | and the following spell memorised: Summon Small Mammal; and
                  | the following spells available to memorise: Summon Ice
                  | Beast.
     0 | D:1      | Reached XP level 1. HP: 19/19 MP: 3/3
   139 | D:1      | Reached XP level 2. HP: 27/27 MP: 5/5
   149 | D:1      | Found a faded altar of an unknown god.
   153 | D:1      | Prayed at the altar of an unknown god.
   153 | D:1      | Became a worshipper of Lugonu the Unformed
   153 | D:1      | Reached * piety under Lugonu
   189 | D:1      | Reached skill level 3 in Spellcasting
   305 | D:1      | Reached XP level 3. HP: 33/33 MP: 7/7
   643 | D:1      | Learned a level 3 spell: Call Canine Familiar
   647 | D:1      | Learned a level 3 spell: Summon Ice Beast
   696 | D:2      | Noticed Robin
   887 | D:2      | Noticed Natasha
   916 | D:2      | Reached skill level 1 in Invocations
   916 | D:2      | Reached ** piety under Lugonu
  1054 | D:2      | Reached XP level 4. HP: 38/42 MP: 8/8
  1062 | D:1      | HP: 2/42 [gnoll/+0 club (4)]
  1063 | D:1      | Slain by a gnoll

Illustrated notes

Levels and vault maps discovered:
D:1:      lightli_arrival_farm, layout_basic, shapermc_ecumenical_altar_petra,
          dreamdust_mushroom_princess, minmay_cut_off
D:2:      layout_loops_ring, serial_shops, shop, uniq_crazy_yiuf_cottage,
          uniq_robin, uniq_natasha

Skill      XL: |  1  2  3 |
---------------+----------+-----
Spellcasting   | 3 |  3.3
Summonings     | 2 |  2.0
Shields        | 2 |  2.0
Fighting       | 2 |  2.2
Invocations    | 1 |  1.2
Axes           | |  0.9
Maces & Flails | |  0.4
Dodging        | |  1.5
Evocations     | |  1.2

Action                     |  1- 3 |  4- 6 || total
---------------------------+-------+-------++-------
  Melee: Club              |   119 |       ||   119
         Headbutt          |    15 |     1 ||    16
         Hand axe          |    23 |     7 ||    30
    Use: Potion            |     3 |       ||     3
 Armour: Robe              |   182 |    16 ||   198
  Dodge: Dodged            |    68 |     6 ||    74
  Block: Kite shield       |    66 |     8 ||    74
